 Dungeon Crawl Stone Soup version 0.28.0 (webtiles) character file.

Game seed: 12012072611834410861

48 Ablot the Grasshopper (level 3, 0/31 HPs)
             Began as a Gnoll Warper on Feb 17, 2022.
             Killed from afar by Sigmund (3 damage)
             ... with a magic dart
             ... on level 2 of the Dungeon.
             The game lasted 00:02:59 (1326 turns).

Ablot the Grasshopper (Gnoll Warper)                Turns: 1326, Time: 00:03:00

Health: 0/31       AC:  4    Str: 12    XL:     3   Next: 72%
Magic:  9/9        EV: 12    Int: 12    God:
Gold:   53         SH:  0    Dex: 11    Spells: 10/12 levels left

rFire   . . .      SeeInvis .   a - +0 spear
rCold   . . .      Faith    .   (no shield)
rNeg    . . .      Spirit   .   b - +0 leather armour
rPois   .          Reflect  .   (no helmet)
rElec   .          Harm     .   (no cloak)
rCorr   .          Rampage  .   (no gloves)
Will    .....                   k - +0 pair of boots
Stlth   +.........              (no amulet)
HPRegen 0.10/turn               (no ring)
MPRegen 0.11/turn               (no ring)

@: confused
A: fangs 1, strong nose, distributed training
a: no special abilities


You were on level 2 of the Dungeon.
You visited 1 branch of the dungeon, and saw 2 of its levels.

You collected 133 gold pieces.
You spent 80 gold pieces at shops.

Inventory:

Hand Weapons
 a - a +0 spear (weapon)
 l - a +0 dagger of venom
Missiles
 d - 5 boomerangs of dispersal (quivered)
 f - 29 stones
 q - 11 arrows
Armour
 b - a +0 leather armour (worn)
 k - a +0 pair of boots (worn)
Scrolls
 c - a scroll of blinking
 h - 3 scrolls of identify {unknown}
 i - a scroll of holy word {unknown}
 j - a scroll of immolation {unknown}
 o - a scroll of fear {unknown}
 p - a scroll of amnesia {unknown}
Potions
 e - 2 potions of might
 g - a potion of flight {unknown}
 m - a potion of degeneration
 n - a potion of curing


   Skills:
 + Level 4.5 Fighting
 + Level 0.9 Short Blades
 + Level 0.9 Long Blades
 + Level 0.9 Axes
 + Level 0.9 Maces & Flails
 + Level 4.5 Polearms
 + Level 0.9 Staves
 + Level 0.9 Slings
 + Level 0.9 Bows
 + Level 0.9 Crossbows
 + Level 2.6 Throwing
 + Level 2.6 Armour
 + Level 4.5 Dodging
 + Level 0.9 Stealth
 + Level 0.9 Shields
 + Level 0.9 Unarmed Combat
 + Level 5.0 Spellcasting
 + Level 0.6 Conjurations
 + Level 0.6 Hexes
 + Level 0.6 Summonings
 + Level 0.6 Necromancy
 + Level 5.4 Translocations
 + Level 0.6 Transmutations
 + Level 0.6 Fire Magic
 + Level 0.6 Ice Magic
 + Level 0.6 Air Magic
 + Level 0.6 Earth Magic
 + Level 0.6 Poison Magic
 + Level 1.0 Invocations
 + Level 0.9 Evocations


You had 10 spell levels left.
You knew the following spells:

 Your Spells              Type           Power      Damage    Failure   Level
a - Blink                 Tloc           32%        N/A       4%          2

Your spell library contained the following spells:

 Spells                   Type           Power      Damage    Failure   Level
 Gell's Gravitas          Tloc           16%        N/A       9%          3
 Lesser Beckoning         Tloc           16%        N/A       9%          3
 Teleport Other           Tloc           16%        N/A       9%          3
 Manifold Assault         Tloc           16%        N/A       58%         5


Dungeon Overview and Level Annotations

Branches:
Dungeon (2/15)

Altars:

Shops:
D:2 !

Annotations:
D:2 Sigmund


Innate Abilities, Weirdness & Mutations

You have very sharp teeth.
Your uncanny sense of smell can sniff out nearby items.
Your experience applies equally to all skills.


Message History

Sigmund shouts!
The hobgoblin shouts!
Sigmund flickers, as though insubstantial.
You reach to attack!
You hit the hobgoblin but do no damage. You closely miss the hobgoblin.
The hobgoblin hits you.
You hit the hobgoblin but do no damage. Sigmund barely misses you.
The hobgoblin closely misses you.
Unknown command.
You barely miss the hobgoblin.
Sigmund casts a spell.
Sigmund flickers and vanishes!
Deactivating autopickup; reactivate with Ctrl-A.
The hobgoblin closely misses you.
You hit the hobgoblin.
The hobgoblin is almost dead.
The hobgoblin closely misses you.
Unknown command.
You closely miss the hobgoblin. You bite the hobgoblin.
You kill the hobgoblin!
A worm comes into view.
Unknown command.
A magic dart appears from out of thin air!
The magic dart hits you!
A puff of flame appears from out of thin air!
The puff of flame hits you!
* * * LOW HITPOINT WARNING * * *
You are confused.
Found a scroll labelled MAKHLU XUHIUCH.
A puff of flame appears from out of thin air!
The puff of flame hits you!
* * * LOW HITPOINT WARNING * * *
You bump into the rock wall.
Unknown command.
You bump into the rock wall.
You're too confused to move!
You feel less confused.
You are confused.
You bump into the rock wall.
A magic dart appears from out of thin air!
The magic dart hits you.
You die...

#....w.♣.♣#.#
♣.######## #.......#
#.# ♣.........
#.......###?#####
♣.<.÷.....
#.##.w.......#
♣##.###.##
#.######.###{# #.#
#.# #.# #..#.##.#
#.# #.# #.#
#.#.###.# ∆ #.# #.#
#.# #.### #.# #.#
#.# #.# #.# #@# #.#
#.# #.# #.## #.# .#
#.# #.# #.# #..##
#.. ... ∆ #.## #.#
#...# #### #.# #.##
#.#♣#♣.♣.♣#♣#### #.#
#...
#..............###.#
####
#.#♣.♣.♣.♣.♣.......#
#..#.......#####†..#
##.♣.♣.♣.♣.♣ #...#


There were no monsters in sight!

Vanquished Creatures
  2 adders (D:2)
  A dart slug (D:1)
  A bat (D:1)
  2 endoplasms (D:1)
  4 goblins
  3 hobgoblins
  A quokka (D:2)
  3 ball pythons
  3 frilled lizards
  4 kobolds (D:1)
  4 rats
28 creatures vanquished.

Vanquished Creatures (others)
  3 plants (D:2)
3 creatures vanquished.

Grand Total: 31 creatures vanquished

Notes
Turn   | Place    | Note
-------+----------+-------------------------------------------
     0 | D:1      | Ablot the Gnoll Warper began the quest for the Orb.
     0 | D:1      | Reached XP level 1. HP: 20/20 MP: 6/6
   163 | D:1      | Reached XP level 2. HP: 26/26 MP: 7/7
   166 | D:1      | Learned a level 2 spell: Blink
   786 | D:2      | Reached skill level 5 in Spellcasting
   786 | D:2      | Reached XP level 3. HP: 27/31 MP: 7/9
   878 | D:2      | Found Byof's Distillery.
   886 | D:2      | Bought a potion of degeneration for 10 gold pieces
   886 | D:2      | Bought a potion of curing for 30 gold pieces
   886 | D:2      | Bought a potion of might for 40 gold pieces
  1181 | D:2      | Found a faded altar of an unknown god.
  1186 | D:2      | Reached skill level 1 in Invocations
  1284 | D:2      | Noticed Sigmund
  1326 | D:2      | Killed from afar by Sigmund

Illustrated notes

Levels and vault maps discovered:
D:1:      dpeg_arrival_rooms_a, layout_rooms, minmay_hexomino_c4
D:2:      layout_loops_ring, serial_forest, infiniplex_forest_end_1,
          infiniplex_forest_straight_1, infiniplex_forest_lined_room_3,
          infiniplex_forest_lined_1, infiniplex_forest_clump_medium,
          infiniplex_forest_lined_4_way, infiniplex_forest_lined_3_way,
          infiniplex_forest_clump_diagonal, infiniplex_forest_straight_3,
          serial_shops, shop, ebering_ecumenical_altar_abandoned,
          nicolae_underground_beach, uniq_sigmund

Skill      XL: |  1  2  3 |
---------------+----------+-----
Spellcasting   | 5 |  5.0
Invocations    | 1 |  1.0
Fighting       | |  4.5
Short Blades   | |  0.9
Long Blades    | |  0.9
Axes           | |  0.9
Maces & Flails | |  0.9
Polearms       | |  4.5
Staves         | |  0.9
Slings         | |  0.9
Bows           | |  0.9
Crossbows      | |  0.9
Throwing       | |  2.6
Armour         | |  2.6
Dodging        | |  4.5
Stealth        | |  0.9
Shields        | |  0.9
Unarmed Combat | |  0.9
Conjurations   | |  0.6
Hexes          | |  0.6
Summonings     | |  0.6
Necromancy     | |  0.6
Translocations | |  5.4
Transmutations | |  0.6
Fire Magic     | |  0.6
Ice Magic      | |  0.6
Air Magic      | |  0.6
Earth Magic    | |  0.6
Poison Magic   | |  0.6
Evocations     | |  0.9

Action                   || total
-------------------------++-------
Melee: Spear             ||    96
       Bite              ||     7
 Stab: Sleeping          ||     2
Armor: Leather armour    ||    21
Dodge: Dodged            ||    32
